 Dungeon Crawl Stone Soup version 0.24-a0-342-gad4687c37d (webtiles) character file.

Game seed: 4726151023744454205

8 mhoghedin the Skirmisher (level 2, -2/27 HPs)
             Began as a Hill Orc Monk on May 21, 2019.
             Slain by a kobold
             ... wielding a +1 dagger of electrocution
              (16 damage)
             ... on level 1 of the Dungeon.
             The game lasted 00:00:27 (266 turns).

mhoghedin the Skirmisher (Hill Orc Monk)             Turns: 266, Time: 00:00:27

Health: -2/27      AC:  2    Str: 13    XL:     2   Next: 8%
Magic:  2/2        EV: 13    Int: 10    God:
Gold:   37         SH:  0    Dex: 13    Spells: 1/1 levels left

rFire    . . .     SeeInvis .   a - +0 spear
rCold    . . .     Gourm    .   (no shield)
rNeg     . . .     Faith    .   b - +0 robe
rPois    .         Spirit   .   (no helmet)
rElec    .         Reflect  .   (no cloak)
rCorr    .         Harm     .   (no gloves)
MR       .....                  (no boots)
Stlth    ++........             (no amulet)
HPRegen  0.09/turn              (no ring)
MPRegen  0.08/turn              (no ring)

@: no status effects
A: no striking features
a: no special abilities


You were on level 1 of the Dungeon.
You were not hungry.

You visited 1 branch of the dungeon, and saw 1 of its levels.

You collected 37 gold pieces.

Inventory:

Hand Weapons
 a - a +0 spear (weapon)
Armour
 b - a +0 robe (worn)
Potions
 d - 2 potions of berserk rage {unknown}
Comestibles
 c - 2 rations


   Skills:
 + Level 4.0 Fighting
 + Level 3.6 Polearms
 - Level 2.4 Dodging
 - Level 1.5 Stealth


You had one spell level left.
You didn't know any spells.
Your spell library was empty.

Dungeon Overview and Level Annotations

Branches:
Dungeon (1/15)

Altars:


Message History

Aim: a leopard gecko (clinging, resting)
You reach to attack!
The helpless leopard gecko fails to defend itself.
You puncture the leopard gecko!
You kill the leopard gecko!
A dart slug comes into view.
Attack whom?
Aim: a dart slug (clinging)
You reach to attack!
You hit the dart slug.
Attack whom?
Aim: a dart slug (lightly wounded, clinging)
You reach to attack!
You hit the dart slug but do no damage. You hit the dart slug but do no damage.
The dart slug bites you but does no damage.
You hit the dart slug. You hit the dart slug but do no damage.
The dart slug barely misses you.
You hit the dart slug. The dart slug bites you.
You hit the dart slug. You hit the dart slug.
You kill the dart slug!
No target in view!
You take 1 damage, and have 19/20 hp.
No target in view!
No target in view!
No target in view!
No target in view!
You now have 14 gold pieces.
A hobgoblin comes into view.
A hobgoblin is nearby!
A kobold comes into view. It is wielding a +0 short sword.
The hobgoblin shouts!
The kobold shouts!
Health restored: 20 The kobold throws a stone.
The stone hits you but does no damage.
You see here a stone.
You hit the hobgoblin but do no damage. The hobgoblin hits you.
The kobold throws a stone.
The stone hits you but does no damage.
You closely miss the hobgoblin. The hobgoblin misses you.
You barely miss the hobgoblin.
The kobold throws a stone.
The stone hits you but does no damage.
You hit the hobgoblin.
The hobgoblin hits you but does no damage.
The kobold throws a stone.
The stone misses you.
You hit the hobgoblin.
The hobgoblin hits you but does no damage.
You closely miss the hobgoblin. The hobgoblin hits you.
You hit the hobgoblin. The hobgoblin closely misses you.
You hit the hobgoblin.
You kill the hobgoblin!
You have reached level 2!
You hit the kobold but do no damage.
The kobold hits you with a +0 short sword.
You are too injured to fight recklessly!
You are too injured to fight recklessly!
You are too injured to fight recklessly!
You are too injured to fight recklessly!
You take 4 damage, and have 16/27 hp.
MP restored: 2 You are too injured to fight recklessly!
You are too injured to fight recklessly!
You are too injured to fight recklessly!
You hit the kobold.
You kill the kobold!
Your Fighting skill increases to level 4!
Things that are here:
a +0 short sword; a kobold corpse You start resting.
You now have 20 gold pieces (gained 6).
d - 2 sapphire potions You now have 26 gold pieces (gained 6).
You now have 37 gold pieces (gained 11).
You see here a stone.
A rat comes into view.
Health restored: 27 A kobold comes into view.
It is wielding a +1 dagger of electrocution.
The kobold shouts!
The kobold throws a stone.
The stone completely misses you.
Attack whom?
Aim: a rat You reach to attack!
You hit the rat.
You kill the rat!
The kobold throws a stone.
The stone closely misses you.
The kobold throws a stone.
The stone barely misses you.
A frilled lizard comes into view.
The frilled lizard hisses angrily.
You barely miss the kobold.
A giant cockroach comes into view.
The kobold barely misses you.
You barely miss the kobold. The kobold hits you but does no damage.
The frilled lizard bites you.
You take 3 damage, and have 24/27 hp.
You hit the kobold. The kobold hits you but does no damage.
You are electrocuted!
The frilled lizard misses you.
You take 10 damage, and have 14/27 hp.
MASSIVE DAMAGE!!
You are too injured to fight recklessly!
You are too injured to fight recklessly!
You hit the kobold but do no damage. The kobold hits you but does no damage.
You are electrocuted!
Ouch! That really hurt!
You die...

####.##.# ... #.##..
≈≈≈...#. ####'##.#
#....$.. ...÷.##.#
###...... ..##.##.#
####.#.##.#
#.......###....†....# #
####.###....(..........#
####.##.###.#(...##.....
.....##.# #.....@K.....#
#######.###.####l##.##.#
##...## #.# ##.## #..
..... #### #.##.##.# #
#.# # #.# ...


You could see a kobold and a frilled lizard.

Vanquished Creatures
  A dart slug (D:1)
  A leopard gecko (D:1)
  A hobgoblin (D:1)
  A kobold (D:1)
  2 rats (D:1)
6 creatures vanquished.

Notes
Turn   | Place    | Note
-------+----------+-------------------------------------------
     0 | D:1      | mhoghedin the Hill Orc Monk began the quest for the Orb.
     0 | D:1      | Reached XP level 1. HP: 19/19 MP: 1/1
    59 | D:1      | Reached XP level 2. HP: 20/27 MP: 2/2
    61 | D:1      | Reached skill level 4 in Fighting
   266 | D:1      | Slain by a kobold

Levels and vault maps discovered:
D:1:      mrwooster_arrival_arrow, layout_loops_cross,
          chequers_serial_rivers_micro_d

Skill      XL: |  1  2 |
---------------+-------+-----
Fighting       | 4 |  4.0
Polearms       | |  3.6
Dodging        | |  2.4
Stealth        | |  1.5

Action                   || total
-------------------------++-------
Melee: Spear             ||    29
 Stab: Sleeping          ||     2
Armor: Robe              ||     6
Dodge: Dodged            ||    11

Table legend:
 A = Non-vault XP
 B = Vault XP
 C = Vault XP percentage of total XP
 D = Non-vault monster count
 E = Vault monster count
 F = Vault count percentage of total count
                 A         B        C        D         E       F
            +---------+---------+-------+---------+---------+-------
      Total |      12 |       0 |   0.0 |       6 |       0 |   0.0
            +---------+---------+-------+---------+---------+-------
        D:1 |      12 |       0 |   0.0 |       6 |       0 |   0.0
            +---------+---------+-------+---------+---------+-------

Levels and vault maps discovered:
D:1:      mrwooster_arrival_arrow, layout_loops_cross,
          chequers_serial_rivers_micro_d

Table legend:
 A = Turns spent in this place as a percentage of turns spent in the entire game.
 B = Non-inter-level travel turns spent in this place as a percentage of non-inter-level travel turns spent in the entire game.
 C = Inter-level travel turns spent in this place as a percentage of turns spent in this place.
 D = Turns resting spent in this place as a percentage of non-inter-level travel turns spent in this place.
 E = Turns spent auto-exploring this place as a percentage of non-inter-level travel turns spent in this place.
 F = Non-inter-level travel turns spent in this place divided by the number of levels of this place that you've seen.
                   A       B       C       D       E      F
               +-------+-------+-------+-------+-------+----------------------
         Total | 100.0 | 100.0 |   0.0 |  45.1 |  37.6 | 266.0
       Dungeon | 100.0 | 100.0 |   0.0 |  45.1 |  37.6 | 266.0
               +-------+-------+-------+-------+-------+----------------------

Table legend:
 A = Kills in this place as a percentage of kills in entire the game.
 B = Kills by you in this place as a percentage of kills by you in the entire game.
 C = Kills by friends in this place as a percentage of kills by friends in the entire game.
 D = Other kills in this place as a percentage of other kills in the entire game.
 E = Experience gained in this place as a percentage of experience gained in the entire game.
 F = Experience gained in this place divided by the number of levels of this place that you have seen.
                   A       B       C       D       E      F
               +-------+-------+-------+-------+-------+----------------------
         Total | 100.0 | 100.0 |   N/A |   N/A | 100.0 |  12.0
       Dungeon | 100.0 | 100.0 |   N/A |   N/A | 100.0 |  12.0
               +-------+-------+-------+-------+-------+----------------------
